 Dungeon Crawl Stone Soup version 0.30-b1-2-g02819fbbbe (webtiles) character file.

Game seed: 15819611381960976290

1211 Ashen the Caller (level 8, -3/79 HPs)
             Began as an Ogre Summoner on Aug 23, 2023.
             Engulfed by a steam dragon's steam (12 damage)
             ... on level 7 of the Dungeon.
             The game lasted 00:29:51 (6257 turns).

Ashen the Caller (Ogre Summoner)                    Turns: 6257, Time: 00:29:51

Health: -3/79      AC:  8    Str: 13    XL:     8   Next: 46%
Magic:  4/15       EV: 10    Int: 18    God:
Gold:   421        SH:  5    Dex:  9    Spells: 4/17 levels left

rFire   . . .        q - +0 flail
rCold   . . .        (no shield)
rNeg    . . .        h - +0 animal skin
rPois   .            (helmet restricted)
rElec   .            n - +0 cloak
rCorr   .            (gloves unavailable)
SInv    .            (boots unavailable)
Will    .....        m - amulet of reflection
Stlth   ++           c - +4 ring of protection
HPRegen 0.33/turn    (no ring)
MPRegen 0.14/turn

%: reflection
@: no status effects
A: large, unfitting armour, tough skin 1
a: no special abilities


You were on level 7 of the Dungeon.
You visited 2 branches of the dungeon, and saw 10 of its levels.

You collected 421 gold pieces.

Inventory:

Hand Weapons
 q - a +0 flail (weapon)
Armour
 h - a +0 animal skin (worn)
 n - a +0 cloak (worn)
Jewellery
 c - a +4 ring of protection (left hand)
 m - an amulet of reflection (around neck)
Wands
 p - a wand of light (11)
 v - a wand of iceblast (3)
Scrolls
 d - a scroll of brand weapon {unknown}
 f - 2 scrolls of enchant weapon {unknown}
 i - 7 scrolls of teleportation {unknown}
 l - 3 scrolls of identify {unknown}
 o - 3 scrolls of immolation {unknown}
 u - 3 scrolls of poison {unknown}
Potions
 a - 2 potions of cancellation {unknown}
 b - 2 potions of magic
 e - a potion of degeneration {unknown}
 g - 2 potions of mutation {unknown}
 j - a potion of brilliance {unknown}
 k - 4 potions of curing
 r - a potion of lignification {unknown}
 s - 3 potions of heal wounds
 t - a potion of resistance {unknown}
 w - a potion of flight {unknown}


   Skills:
 + Level 4.9 Fighting
 + Level 3.3 Maces & Flails
 + Level 4.0 Dodging
 - Level 1.6 Stealth
 + Level 5.0 Spellcasting
 * Level 6.2 Summonings


You had 4 spell levels left.
You knew the following spells:

 Your Spells              Type           Power      Damage    Failure   Level
a - Summon Small Mammal   Summ           100%       N/A       1%          1
b - Call Imp              Summ           54%        N/A       1%          2
c - Call Canine Familiar  Summ           27%        N/A       3%          3
d - Summon Guardian Gole  Hex/Summ       15%        N/A       11%         3
e - Summon Lightning Spi  Summ/Air       15%        N/A       36%         4

Your spell library contained the following spells:

 Spells                   Type           Power      Damage    Failure   Level
 Slow                     Hex            16%        N/A       13%         1
 Ensorcelled Hibernation  Hex/Ice        8%         N/A       21%         2
 Passwall                 Tmut/Erth      3%         N/A       21%         2
 Portal Projectile        Hex/Tloc       8%         N/A       36%         3
 Swiftness                Air            4%         N/A       36%         3
 Tukima's Dance           Hex            4%         N/A       36%         3
 Ice Form                 Ice/Tmut       4%         N/A       78%         4
 Leda's Liquefaction      Hex/Erth       2%         N/A       78%         4
 Silence                  Hex/Air        2%         N/A       98%         5


Dungeon Overview and Level Annotations

Branches:
Dungeon (9/15)             Temple (1/1) D:5
   Lair: D:8-11         Orc: D:9-12

Altars:
Ashenzari
Cheibriados
Dithmenos
Elyvilon
Fedhas
Hepliaklqana
Kikubaaqudgha
Makhleb
Nemelex Xobeh
Okawaru
Trog
Uskayaw
Xom
The Shining One

Shops:
D:1 *   D:6 =


Innate Abilities, Weirdness & Mutations

You are too large for most types of armour.
You have tough skin. (AC +1)


Message History

Flame seeps out of your guardian golem. The steam dragon bites you.
The steam dragon claws you.
Unknown command.
You barely miss the steam dragon.
The steam dragon is moderately wounded.
The steam dragon breathes steam at you. The ball of steam misses you.
Unknown command.
You sock the steam dragon!
The steam dragon is severely wounded.
You are engulfed in a cloud of scalding steam.
* * * LOW HITPOINT WARNING * * *
You block the steam dragon's attack.
The steam dragon claws you but does no damage.
Unknown command.
You hit the steam dragon but do no damage.
The steam dragon is severely wounded.
You are engulfed in a cloud of scalding steam.
* * * LOW HITPOINT WARNING * * *
The steam dragon barely misses you. x2
Unknown command.
You closely miss the steam dragon.
The steam dragon is severely wounded.
The steam dragon bites you but does no damage.
The steam dragon claws you but does no damage.
You barely miss the steam dragon.
The steam dragon is severely wounded.
You are engulfed in a cloud of scalding steam.
* * * LOW HITPOINT WARNING * * *
The steam dragon breathes steam at you. The ball of steam hits you!
* * * LOW HITPOINT WARNING * * *
The steam dragon closely misses you.
The steam dragon claws you but does no damage.
The steam dragon breathes steam at you. The ball of steam misses you.
You hit the steam dragon but do no damage.
The steam dragon is severely wounded.
You are engulfed in a cloud of scalding steam.
You die...

#. .# ## . ##.####
##..#.##.......
##...#.(........
###...............
#......#.#..§.....
#..♣.....§§§......
#♣..♣....§@§......
#........D§§#.....
#..>..9.### ...
###....$# .
#....?# #.....#
#.....# #######


You could see a steam dragon (catching breath, ally target) and a friendly
guardian golem (summoned, inner flame).

Vanquished Creatures
  Prince Ribbit (D:6)
  A scorpion (D:6)
  Crazy Yiuf (D:3)
  2 iguanas
  3 gnolls (D:8)
  A shadow imp (D:5)
  A nameless horror (D:3)
  An ufetubus (D:7)
  2 dart slugs (D:1)
  2 orcs (D:4)
  5 ball pythons
  7 bats
  6 endoplasms
  A giant cockroach (D:2)
  8 goblins
  5 hobgoblins
  5 jackals
  3 kobolds
  2 quokkas
  7 frilled lizards
  7 rats
71 creatures vanquished.

Vanquished Creatures (collateral kills)
  Grinder (D:6)
  A black bear (D:6)
  An ogre (D:4)
  2 scorpions (D:4)
  An iguana (D:5)
  A jelly (D:4)
  Ijyb (D:3)
  Terence (D:3)
  A sleepcap (D:5)
  Robin (D:2)
  A gnoll (D:8)
  6 adders
  A white imp (D:6)
  An ufetubus (D:7)
  A worm (D:2)
  4 dart slugs
  An orc (D:4)
  A ball python (D:3)
  An endoplasm (D:4)
  A giant cockroach (D:2)
  8 hobgoblins
  A quokka (D:4)
  4 bats
  A frilled lizard (D:2)
  4 goblins
  2 kobolds
49 creatures vanquished.

Vanquished Creatures (others)
  A shadow imp (D:7)
  A white imp (D:7)
  4 plants (D:4)
6 creatures vanquished.

Grand Total: 126 creatures vanquished

Notes
Turn   | Place    | Note
-------+----------+-------------------------------------------
     0 | D:1      | Ashen the Ogre Summoner began the quest for the Orb.
     0 | D:1      | Reached XP level 1. HP: 16/16 MP: 3/3
    75 | D:1      | Found Voumeido's Assorted Antiques.
   177 | D:1      | Reached XP level 2. HP: 24/24 MP: 5/5
   180 | D:1      | Learned a level 2 spell: Call Imp
   369 | D:1      | Got Sif Muna's Exposition on Hyperborean Interference
   818 | D:1      | Reached XP level 3. HP: 21/32 MP: 7/7
   939 | D:1      | Reached skill level 1 in Fighting
  1164 | D:2      | Found a bloodstained altar of Trog.
  1169 | D:2      | Learned a level 3 spell: Call Canine Familiar
  1249 | D:2      | Noticed Robin
  1299 | D:2      | Killed Robin
  1300 | D:2      | Reached XP level 4. HP: 30/41 MP: 2/8
  1349 | D:2      | Reached skill level 4 in Summonings
  1524 | D:2      | Identified the +9 quarterstaff "Yroe" {protect, rF- rC+
                  | Str+3}
  1905 | D:2      | Reached skill level 1 in Maces & Flails
  2604 | D:2      | Learned a level 3 spell: Summon Guardian Golem
  2608 | D:3      | Reached XP level 5. HP: 49/49 MP: 10/10
  2623 | D:3      | Noticed Terence
  2665 | D:3      | Killed Terence
  2987 | D:3      | Noticed Ijyb
  3023 | D:3      | Killed Ijyb
  3377 | D:3      | Found a runed translucent door.
  3378 | D:3      | Noticed Crazy Yiuf
  3407 | D:3      | Killed Crazy Yiuf
  3685 | D:4      | Reached XP level 6. HP: 50/59 MP: 5/11
  4320 | D:4      | Reached skill level 5 in Summonings
  4320 | D:4      | Reached XP level 7. HP: 67/67 MP: 7/13
  4696 | D:4      | Learned a level 4 spell: Summon Lightning Spire
  4697 | D:5      | Entered Level 5 of the Dungeon
  5183 | D:5      | Found an iron altar of Okawaru.
  5493 | D:5      | Found a staircase to the Ecumenical Temple.
  5527 | Temple   | Entered the Ecumenical Temple
  5775 | D:6      | Found Puxacank's Jewellery Shoppe.
  5801 | D:6      | Noticed Grinder
  5840 | D:6      | Killed Grinder
  5845 | D:6      | Noticed Prince Ribbit
  5873 | D:6      | Killed Prince Ribbit
  5874 | D:6      | Reached XP level 8. HP: 61/79 MP: 2/15
  5926 | D:6      | Reached skill level 6 in Summonings
  5956 | D:6      | Reached skill level 5 in Spellcasting
  5969 | D:6      | You fall into a shaft and drop 3 floors!
  6042 | D:9      | Noticed a hornet
  6222 | D:8      | Found a shimmering altar of Xom.
  6257 | D:7      | Engulfed by a steam dragon's steam

Illustrated notes

Levels and vault maps discovered:
D:1:      psy_arrival_basics, layout_basic, serial_shops, shop_statue
D:2:      layout_basic, basic_altar, nicolae_concentric_dashed_squares_mild,
          kennysheep_small_spiral, minmay_split_cup_large, uniq_robin
D:3:      layout_rooms, uniq_crazy_yiuf_cottage, uniq_terence, uniq_ijyb
D:4:      wad_lake_hut, layout_rooms, serial_curves, eino_curves_02,
          eino_curves_02
D:5:      layout_basic, overflow_temple_1_default,
          minmay_temple_entry_butterflies, nicolae_elevator_lobby_asterisk
D:6:      nicolae_cairo_tiling, layout_cave_pods,
          grunt_temple_overflow_gold_and_silver, kennysheep_little_box,
          nicolae_ossuary_entry_false_entrances, nicolae_stop_n_shop_2,
          guppyfry_early_elven_hall, uniq_grinder, uniq_prince_ribbit1,
          uniq_sigmund, uniq_menkaure
D:7:      wad_guarded_room, layout_rooms, nicolae_overflow_quartered_altars,
          serial_demonic, serial_demonic_c, serial_demonic_b, serial_demonic_a,
          serial_demonic_c, palyth_stone_intersect
D:8:      layout_loops_corners, minmay_ruined_shrine
D:9:      layout_basic, uniq_joseph
Temple:   nicolae_temple_bog_church

Skill      XL: |  1  2  3  4  5  6  7  8 |
---------------+-------------------------+-----
Dodging        | 2 3 4 |  4.0
Fighting       | 1 2 3 4 |  4.9
Spellcasting   | 3 4 5 |  5.0
Summonings     | 4 5 6 |  6.2
Maces & Flails | 1 2 3 |  3.3
Stealth        | |  1.6

Action                     |  1- 3 |  4- 6 |  7- 9 || total
---------------------------+-------+-------+-------++-------
  Melee: Unarmed           |    31 |       |       ||    31
         Club              |   100 |    76 |       ||   176
         Mace              |       |   129 |       ||   129
         Punch             |       |     3 |     1 ||     4
         Flail             |       |     6 |    88 ||    94
   Cast: Summon Small Mamm |     5 |     2 |     7 ||    14
         Call Imp          |     4 |    21 |     8 ||    33
         Call Canine Famil |     1 |    25 |    14 ||    40
         Summon Guardian G |       |       |     1 ||     1
    Use: Scroll            |       |       |     1 ||     1
   Stab: Sleeping          |     4 |     3 |       ||     7
         Distracted        |       |       |     2 ||     2
 Armour: Robe              |    45 |       |       ||    45
         Animal skin       |       |   131 |    34 ||   165
  Dodge: Dodged            |    82 |   164 |    59 ||   305
  Block: Other             |       |     8 |    23 ||    31
